 Dungeon Crawl Stone Soup version 0.30-a0-719-gcc4359ea44 (webtiles) character file.

Game seed: 8641823222391651602

382 retardedninja the Ducker (level 6, -4/48 HPs)
             Began as a Merfolk Gladiator on Jan 26, 2023.
             Slain by a gnoll sergeant
             ... wielding a +0 spear
              (14 damage)
             ... on level 4 of the Dungeon.
             The game lasted 00:04:06 (3666 turns).

retardedninja the Ducker (Merfolk Gladiator)        Turns: 3666, Time: 00:04:07

Health: -4/48      AC:  5    Str: 22    XL:     6   Next: 76%
Magic:  6/6        EV: 14    Int:  8    God:
Gold:   158        SH:  0    Dex: 15    Spells: 5/5 levels left

rFire   . . .      SeeInvis .    a - +0 trident
rCold   . . .      Faith    .    (no shield)
rNeg    . . .      Spirit   .    b - +0 leather armour
rPois   .          Reflect  .    c - +0 helmet
rElec   .          Harm     .    (no cloak)
rCorr   .          Rampage  .    k - +0 pair of gloves
Will    .....                    (no boots)
Stlth   +                        (no amulet)
HPRegen 0.28/turn                n - +6 ring of strength
MPRegen 0.10/turn                r - ring of flight

@: flying
A: (nimble swimmer 2), mertail
a: no special abilities


You were on level 4 of the Dungeon.
You visited 1 branch of the dungeon, and saw 4 of its levels.

You collected 158 gold pieces.

Inventory:

Hand Weapons
 a - a +0 trident (weapon)
Missiles
 d - 4 throwing nets (quivered)
 e - 4 javelins
Armour
 b - a +0 leather armour (worn)
 c - a +0 helmet (worn)
 k - a +0 pair of gloves (worn)
Jewellery
 n - a +6 ring of strength (left hand)
 r - a ring of flight (right hand)
 t - a ring of fire
Scrolls
 f - a scroll of fog {unknown}
 g - a scroll of vulnerability {unknown}
 i - a scroll of blinking
 l - a scroll of magic mapping {unknown}
 m - a scroll of teleportation {unknown}
 o - a scroll of amnesia {unknown}
 p - 3 scrolls of poison
 s - a scroll of identify
Potions
 h - a potion of cancellation
 j - 3 potions of curing
 q - a potion of flight


   Skills:
 + Level 4.1 Fighting
 + Level 5.9 Polearms
 + Level 3.8 Throwing
 + Level 6.0 Dodging


You had 5 spell levels left.
You didn't know any spells.
Your spell library contained the following spells:

 Spells                   Type           Power      Damage    Failure   Level
 Ensorcelled Hibernation  Hex/Ice        0%         N/A       58%         2
 Call Canine Familiar     Summ           0%         N/A       83%         3
 Portal Projectile        Hex/Tloc       0%         N/A       83%         3
 Spider Form              Tmut/Pois      0%         N/A       83%         3
 Stone Arrow              Conj/Erth      0%         3d7       83%         3
 Anguish                  Hex/Necr       0%         N/A       99%         4
 Animate Armour           Summ/Erth      0%         N/A       99%         4
 Leda's Liquefaction      Hex/Erth       0%         N/A       99%         4
 Lehudib's Crystal Spear  Conj/Erth      0%         10d2      100%        8


Dungeon Overview and Level Annotations

Branches:
Dungeon (4/15)
 Temple: D:4-7

Altars:
Uskayaw

Shops:
D:1 (


Innate Abilities, Weirdness & Mutations

((You are very nimble when in or above water. (Stealth+, EV+, Speed+++)))
Your lower body shifts to a powerful aquatic tail in water.


Message History

The gnoll barely misses you.
There are monsters nearby!
Unknown command.
You puncture the gnoll!
The gnoll is severely wounded.
The gnoll sergeant hits you but does no damage.
The gnoll hits you from afar with a +0 spear!
The gnoll closely misses you.
Unknown command.
You puncture the gnoll!
You kill the gnoll!
The gnoll sergeant hits you from afar with a +0 spear!
The gnoll hits you but does no damage.
Unknown command.
You puncture the gnoll!
The gnoll is heavily wounded.
The gnoll sergeant closely misses you. The gnoll hits you with a +0 club.
The gnoll hits you from afar with a +0 spear.
The gnoll closely misses you.
Unknown command.
You are too injured to fight recklessly!
Unknown command.
You are too injured to fight recklessly!
You puncture the gnoll!
You kill the gnoll!
The gnoll misses you. The gnoll sergeant misses you.
The gnoll barely misses you.
Your Dodging skill increases to level 6!
The gnoll closely misses you.
The gnoll sergeant hits you with a +0 spear!
* * * LOW HITPOINT WARNING * * *
The gnoll hits you with a +0 spear.
* * * LOW HITPOINT WARNING * * *
There is an open door, spattered with blood here.
Items here: ))) ††.
You puncture the gnoll sergeant!
The gnoll sergeant is heavily wounded.
The gnoll closely misses you.
The gnoll sergeant hits you with a +0 spear!
You die...

.. #....#### #. #....# ..#
####..###....####### #..
....................
#.)####≈≈≈≈≈≈≈≈≈##########
##....##≈##≈≈≈##†#......#
#.......≈#######≈....##.#
##..##.##≈≈#g..#≈≈....##.#
#......#...@g.$#≈≈....##.#
#........≈≈#g..#≈≈)...##.###
#........≈#######≈#.####....
#.....#.#≈##≈≈≈##≈.......###
##+####..≈≈≈≈≈≈≈≈≈#.####.###
##.######.#...........
#...####.#.#...##.###
###....#.#..........#
####.......†.##.#.#


You could see a gnoll sergeant and 2 gnolls.

Vanquished Creatures
  A sky beast (D:4)
  A gnoll bouda (D:4)
  An iguana (D:4)
  4 adders
  10 gnolls (D:4)
  An ufetubus (D:4)
  2 worms
  3 dart slugs
  An orc (D:4)
  6 ball pythons
  6 endoplasms
  3 giant cockroaches
  12 goblins
  8 hobgoblins
  6 jackals (D:1)
  4 quokkas
  5 bats
  3 frilled lizards (D:2)
  4 kobolds
  7 rats
88 creatures vanquished.

Notes
Turn   | Place    | Note
-------+----------+-------------------------------------------
     0 | D:1      | retardedninja the Merfolk Gladiator began the quest for the
                  | Orb.
     0 | D:1      | Reached XP level 1. HP: 16/16 MP: 1/1
   120 | D:1      | Reached XP level 2. HP: 15/23 MP: 2/2
   197 | D:1      | HP: 1/23 [jackal (1)]
   536 | D:1      | Found Leobaa's Weapon Boutique.
   645 | D:1      | Reached XP level 3. HP: 28/28 MP: 3/3
  1115 | D:2      | Found a hide-covered altar of Uskayaw.
  1345 | D:2      | Reached XP level 4. HP: 27/35 MP: 4/4
  1846 | D:3      | Reached skill level 5 in Polearms
  1846 | D:3      | Reached skill level 5 in Dodging
  2355 | D:4      | Reached XP level 5. HP: 41/41 MP: 5/5
  2791 | D:4      | Reached XP level 6. HP: 14/48 MP: 6/6
  3272 | D:4      | Noticed a sky beast
  3296 | D:4      | Killed a sky beast
  3665 | D:4      | Reached skill level 6 in Dodging
  3666 | D:4      | Slain by a gnoll sergeant

Illustrated notes

Levels and vault maps discovered:
D:1:      noname_arrival_rooms_in_the_neighbourhood, layout_basic, serial_shops,
          nicolae_shop_stone
D:2:      minmay_chambers_of_ones, layout_basic, basic_altar, minivault_26,
          minmay_pentomino_v4
D:3:      layout_rooms
D:4:      layout_basic, minitemple, lightli_minifort

Skill      XL: |  1  2  3  4  5  6 |
---------------+-------------------+-----
Fighting       | 3 4 |  4.1
Polearms       | 5 |  5.9
Dodging        | 5 6 |  6.0
Throwing       | 3 |  3.8

Action                     |  1- 3 |  4- 6 || total
---------------------------+-------+-------++-------
  Melee: Trident           |   134 |   155 ||   289
         Punch             |     1 |     1 ||     2
    Use: Scroll            |       |     6 ||     6
         Potion            |       |     2 ||     2
   Stab: Sleeping          |     2 |     1 ||     3
 Armour: Leather armour    |    41 |    28 ||    69
  Dodge: Dodged            |    86 |    90 ||   176

Table legend: (Time is in decaauts)
 A = Elapsed time spent in this place.
 B = Non-inter-level travel time spent in this place.
 C = Inter-level travel time spent in this place.
 D = Time resting spent in this place.
 E = Time spent auto-exploring this place.
 F = Levels seen in this place.
 G = Mean time per level.
                   A        B        C        D        E       F      G
               +--------+--------+--------+--------+--------+-----+--------+
         Total |   3679 |   3546 |    133 |   1389 |   1591 |   4 |  919.8 |
       Dungeon |   3679 |   3546 |    133 |   1389 |   1591 |   4 |  919.8 |
               +--------+--------+--------+--------+--------+-----+--------+

Top non-repeatable levels by time:
     D:4: 1315 daAuts
     D:1: 1070 daAuts
     D:2: 777 daAuts
     D:3: 516 daAuts
